 Dungeon Crawl Stone Soup version 0.18.1-47-g9310371 (console) character file.

95 Kloppie the Skirmisher (level 4, -6/40 HPs)
             Began as a Draconian Berserker on June 15, 2016.
             Was a Believer of Trog.
             Mangled by Zeloya's ghost (7 damage)
             ... in a sewer.
             The game lasted 00:03:15 (2701 turns).

Kloppie the Skirmisher (Draconian Berserker)        Turns: 2701, Time: 00:03:16

Health: -6/40      AC:  7    Str: 19    XL:     4   Next: 39%
Magic:  4/4        EV: 13    Int:  7    God:    Trog [**....]
Gold:   159        SH:  0    Dex: 12    Spells: 0 memorised, 3 levels left

rFire  . . .     SeeInvis .     a - +0 spear
rCold  . . .     Gourm    .     (armour unavailable)
rNeg   . . .     Faith    .     (no shield)
rPois  .         Spirit   .     (helmet restricted)
rElec  .         Dismiss  .     (no cloak)
rCorr  .         Reflect  .     t - +0 pair of gloves (curse)
SustAt .         Harm     .     c - +0 pair of boots
MR     .....                    (no amulet)
Stlth  +.........               (no ring)
                                (no ring)

@: lethally poisoned (-6 -> -12), exhausted, slowed, drained, very slow, not
resistant to hostile enchantments, very unstealthy
A: unfitting armour, cold-blooded, AC +5
a: Berserk, Trog's Hand, Burn Spellbooks, Renounce Religion


You were in a sewer.
You worshipped Trog.
Trog was pleased with you.
You were hungry.

You visited 1 branch of the dungeon, and saw 3 of its levels.
You also visited: Sewer.

You collected 159 gold pieces.

Inventory:

Hand Weapons
 a - a +0 spear (weapon)
Armour
 c - a +0 pair of boots (worn)
 t - a cursed +0 pair of gloves (worn)
Scrolls
 d - 2 scrolls of enchant armour {unknown}
 e - a scroll of teleportation {unknown}
 g - 2 scrolls of enchant weapon {unknown}
 h - 2 scrolls of identify {unknown}
 k - a scroll of remove curse {unknown}
 l - 2 scrolls of amnesia {unknown}
 m - 2 scrolls of fog {unknown}
Potions
 f - a potion of cancellation {unknown}
 n - a potion of flight {unknown}
 o - a potion of magic {unknown}
 p - a potion of haste {unknown}
 q - 3 potions of curing {unknown}
 r - a potion of lignification {unknown}
 u - a potion of agility {unknown}
Comestibles
 b - 2 bread rations
 i - 6 chunks of flesh
 j - a slice of pizza
 s - 2 beef jerkies


   Skills:
 + Level 4.1(3.5) Fighting
 * Level 4.1(3.6) Polearms
 + Level 3.3(2.8) Dodging


You had 3 spell levels left.
You didn't know any spells.

Dungeon Overview and Level Annotations

Branches:
Dungeon (3/15)

Altars:
Qazlal
Sif Muna

Annotations:
Sewer Zeloya's ghost, amateur KoCK


Innate Abilities, Weirdness & Mutations

Your plain brown scales are hard (AC +5).
Your body does not fit into most forms of armour.
You are cold-blooded and may be slowed by cold attacks.


Message History

* * * LOW HITPOINT WARNING * * *
Zeloya's ghost freezes you.
* * * LOW HITPOINT WARNING * * *
You hit Zeloya's ghost but do no damage.
Zeloya's ghost is almost destroyed.
You feel sick. Zeloya's ghost hits you.
* * * LOW HITPOINT WARNING * * *
x2 You barely miss Zeloya's ghost.
Your tail-slap misses Zeloya's ghost.
Zeloya's ghost is almost destroyed.
You feel sick. Zeloya's ghost closely misses you.
You closely miss Zeloya's ghost.
Zeloya's ghost is almost destroyed.
You feel sick. Zeloya's ghost barely misses you. Zeloya's ghost hits you.
* * * LOW HITPOINT WARNING * * *
You feel drained.
* * * LOW HITPOINT WARNING * * *
You closely miss Zeloya's ghost.
Zeloya's ghost is almost destroyed.
Zeloya's ghost hits you!
You die...

≈≈≈≈≈≈≈≈≈≈≈≈≈≈≈≈≈≈
.≈≈≈≈≈≈≈≈..≈≈≈.≈≈≈
≈###≈≈≈#≈###≈≈≈##
#.≈.### ≈# #≈..#
##≈.## #...# ##.W#
##.@## ##.†..#
#...∩.## #†.÷...#
#.....∩# ##....##
##...# #####


You could see Zeloya's ghost.

Vanquished Creatures
  2 adders (D:2)
  An ooze (Sewer)
  5 worms
  4 dart slugs
  2 giant geckos (Sewer)
  3 giant cockroaches
  9 goblins
  2 hobgoblins (D:2)
  A quokka (D:3)
  2 ball pythons
  10 bats
  4 giant newts
  2 kobolds (D:1)
  5 rats
52 creatures vanquished.

Notes
Turn   | Place    | Note
--------------------------------------------------------------
     0 | D:1      | Kloppie the Draconian Berserker began the quest for the Orb.
     0 | D:1      | Reached XP level 1. HP: 19/19 MP: 1/1
   213 | D:1      | Reached XP level 2. HP: 26/26 MP: 2/2
   720 | D:2      | Found a stormy altar of Qazlal.
   720 | D:2      | Noticed a fire elemental
   723 | D:2      | Noticed an earth elemental
   726 | D:2      | Noticed a water elemental
   726 | D:2      | Noticed an air elemental
   998 | D:2      | Found a faded altar to an unknown god.
  1093 | D:2      | Reached XP level 3. HP: 29/33 MP: 3/3
  1500 | D:2      | Reached ** piety under Trog
  1998 | D:3      | Found a deep blue altar of Sif Muna.
  2189 | D:3      | Reached XP level 4. HP: 39/40 MP: 4/4
  2517 | D:3      | Found a glowing drain.
  2623 | Sewer    | Entered a sewer
  2655 | Sewer    | Noticed Zeloya's ghost (amateur KoCK)
  2700 | Sewer    | HP: 1/40 [Zeloya's ghost (3)]
  2701 | Sewer    | Mangled by Zeloya's ghost

Skill      XL: |  1  2  3  4 |
---------------+-------------+-----
Dodging        | 3 |  3.3
Fighting       | 4 |  4.1
Polearms       | 4 |  4.1

Action                   |  1- 3 |  4- 6 || total
-------------------------+-------+-------++-------
Melee: Spear             |   150 |    80 ||   230
       Tailslap          |     7 |    12 ||    19
Invok: Berserk           |     2 |     1 ||     3
       Trog's Hand       |       |     1 ||     1
 Stab: Sleeping          |     1 |     2 ||     3
  Eat: Chunk             |     2 |     1 ||     3
       Meat ration       |     1 |       ||     1
Armor: Skin              |    37 |    10 ||    47
Dodge: Dodged            |    65 |    20 ||    85
